 Seeded DCSS version 0.27.1-3-gb3d3a73c9e (webtiles) character file.

Game seed: 20211020 (custom seed)

119 jessy the Chopper (level 5, 0/47 HPs)
             Began as a Hill Orc Monk on Oct 20, 2021.
             Was a Priest of Cheibriados.
             Slain by a worm (7 damage)
             ... on level 3 of the Dungeon.
             The game lasted 00:10:42 (2770 turns).

jessy the Chopper (Hill Orc Monk)                   Turns: 2770, Time: 00:10:42

Health: 0/47       AC:  6    Str: 22    XL:     5   Next: 3%
Magic:  5/5        EV: 11    Int: 17    God:    Cheibriados [***...]
Gold:   76         SH:  0    Dex: 20    Spells: 4/4 levels left

rFire    . . .     SeeInvis .   k - +0 lajatang
rCold    . . .     Faith    .   (shield currently unavailable)
rNeg     . . .     Spirit   .   f - +0 scale mail
rPois    .         Reflect  .   (no helmet)
rElec    .         Harm     .   (no cloak)
rCorr    .         Rampage  .   (no gloves)
Will     .....                  (no boots)
Stlth    +.........             i - amulet of regeneration
HPRegen  1.15/turn              (no ring)
MPRegen  0.09/turn              (no ring)

@: very slow
A: no striking features
a: Renounce Religion, Bend Time, Temporal Distortion


You were on level 3 of the Dungeon.
You worshipped Cheibriados.
Cheibriados was most pleased with you.
You visited 1 branch of the dungeon, and saw 3 of its levels.

You collected 76 gold pieces.

Inventory:

Hand Weapons
 a - a +0 hand axe
 h - a +2 short sword of electrocution
 k - a +0 lajatang (weapon)
Missiles
 c - 71 stones (quivered)
Armour
 b - a +0 robe
 f - a +0 scale mail (worn)
 g - a +0 leather armour
Magical Staves
 l - a staff of fire
Jewellery
 i - an amulet of regeneration (around neck)
Potions
 d - a potion of ambrosia {unknown}
 e - 2 potions of resistance
 j - 2 potions of curing


   Skills:
 + Level 4.3 Fighting
 + Level 0.6 Short Blades
 + Level 4.8 Axes
 + Level 1.4 Staves
 + Level 1.5 Armour
 + Level 2.9 Dodging
 + Level 1.8 Stealth


You had 4 spell levels left.
You didn't know any spells.
Your spell library was empty.

Dungeon Overview and Level Annotations

Branches:
Dungeon (3/15)

Altars:
Cheibriados


Message History

The orc barely misses you. x2; The orc hits you with a +0 club.
You hit the orc.
The orc is heavily wounded.
The orc barely misses you. The orc hits you with a +0 club.
You barely miss the orc.
The orc is heavily wounded.
The orc closely misses you. The orc hits you with a +0 club.
The worm barely misses you.
You closely miss the orc.
The orc is heavily wounded.
The orc closely misses you. x2; The orc completely misses you.
The orc hits you but does no damage.
You closely miss the orc.
The orc is heavily wounded.
The worm bites you. The orc hits you but does no damage.
The orc hits you with a +0 club.
You barely miss the orc.
The orc is heavily wounded.
The orc closely misses you. The orc hits you but does no damage.
The worm bites you.
You barely miss the orc.
The orc is heavily wounded.
The orc closely misses you. The orc barely misses you. The worm bites you.
The orc hits you with a +0 flail. The orc barely misses you.
You slash the orc!
You kill the orc!
Cheibriados thoroughly appreciates the change of pace.
The orc hits you but does no damage. The worm barely misses you.
The orc hits you with a +0 flail. The orc closely misses you.
The worm bites you!
* * * LOW HITPOINT WARNING * * *
Things that are here:
a +0 club; an orc corpse You hit the orc.
The orc is lightly wounded.
The orc barely misses you. The orc hits you with a +0 flail.
* * * LOW HITPOINT WARNING * * *
The worm bites you!
You die...

#...............# .
......#.###........#
##....#.#
#...#.##...
#.####.#####....
#... ...
#....##.###. ... ##
####.##.####
##...)......
##..w)o......
#....@.......
#............
#............
#............
#............
##...........
##.....#....
###########


You could see a worm and an orc.

Vanquished Creatures
  5 adders
  4 dart slugs
  2 orcs (D:3)
  10 ball pythons
  5 endoplasms
  A giant cockroach (D:1)
  8 hobgoblins
  6 quokkas
  3 bats
  5 frilled lizards
  5 goblins
  5 kobolds
  6 rats
65 creatures vanquished.

Vanquished Creatures (others)
  4 fungi (D:3)
4 creatures vanquished.

Grand Total: 69 creatures vanquished

Notes
Turn   | Place    | Note
-------+----------+-------------------------------------------
     0 | D:1      | jessy the Hill Orc Monk began the quest for the Orb.
     0 | D:1      | Reached XP level 1. HP: 19/19 MP: 1/1
   431 | D:1      | Reached XP level 2. HP: 12/27 MP: 2/2
  1392 | D:1      | Reached XP level 3. HP: 23/33 MP: 3/3
  2178 | D:2      | Reached XP level 4. HP: 29/40 MP: 4/4
  2308 | D:2      | Reached skill level 1 in Armour
  2517 | D:2      | Found a faded altar of an unknown god.
  2645 | D:2      | Became a worshipper of Cheibriados the Contemplative
  2645 | D:2      | Reached * piety under Cheibriados
  2645 | D:2      | Reached ** piety under Cheibriados
  2698 | D:3      | Reached *** piety under Cheibriados
  2706 | D:3      | Reached skill level 1 in Staves
  2760 | D:3      | Reached XP level 5. HP: 38/47 MP: 5/5
  2770 | D:3      | Slain by a worm

Illustrated notes

Levels and vault maps discovered:
D:1:      minmay_arrival_split_and_join, layout_basic, minmay_domino_4
D:2:      layout_basic, ebering_ecumenical_altar_rust, minmay_crystal_water,
          grunt_ministairs_1
D:3:      layout_rooms, mainiacjoe_overflow_chevrons

Skill      XL: |  1  2  3  4 |
---------------+-------------+-----
Fighting       | 4 |  4.3
Armour         | 1 |  1.5
Staves         | 1 |  1.4
Short Blades   | |  0.6
Axes           | |  4.8
Dodging        | |  2.9
Stealth        | |  1.8

Action                   |  1- 3 |  4- 6 || total
-------------------------+-------+-------++-------
Melee: Hand axe          |    62 |       ||    62
       Short sword       |    51 |       ||    51
       Lajatang          |    28 |   115 ||   143
  Use: Scroll            |     1 |     3 ||     4
 Stab: Sleeping          |     1 |       ||     1
Armor: Robe              |    11 |       ||    11
       Scale mail        |    62 |    93 ||   155
Dodge: Dodged            |   142 |   141 ||   283
